 Dungeon Crawl Stone Soup version 0.26-a0-682-g294304f (webtiles) character file.

Game seed: 14643968289621306725

60 Mopster the Cudgeler (level 3, -10/34 HPs)
             Began as a Minotaur Berserker on Oct 21, 2020.
             Was a Believer of Trog.
             Mangled by an iguana (14 damage)
             ... on level 4 of the Dungeon.
             The game lasted 00:02:17 (1173 turns).

Mopster the Cudgeler (Minotaur Berserker)           Turns: 1173, Time: 00:02:18

Health: -10/34     AC:  2    Str: 21    XL:     3   Next: 80%
Magic:  2/2        EV: 12    Int:  4    God:    Trog [**....]
Gold:   49         SH:  0    Dex: 10    Spells: 2/2 levels left

rFire    x . .     SeeInvis .   m - +1 flail (vorpal)
rCold    + . .     Faith    .   (no shield)
rNeg     . . .     Spirit   .   b - +0 animal skin
rPois    .         Reflect  .   (helmet restricted)
rElec    .         Harm     .   (no cloak)
rCorr    .         Rampage  .   (no gloves)
MR       .....                  (no boots)
Stlth    +.........             (no amulet)
HPRegen  0.11/turn              j - ring of ice
MPRegen  0.08/turn              (no ring)

@: no status effects
A: retaliatory headbutt, horns 2
a: Berserk, Trog's Hand, Renounce Religion


You were on level 4 of the Dungeon.
You worshipped Trog.
Trog was pleased with you.
You visited 1 branch of the dungeon, and saw 3 of its levels.

You collected 49 gold pieces.

Inventory:

Hand Weapons
 a - a +0 mace
 d - a +1 whip of freezing
 m - a +1 vorpal flail (weapon)
Armour
 b - a +0 animal skin (worn)
Jewellery
 j - a ring of ice (left hand)
 l - an uncursed ring of resist corrosion {unknown}
Scrolls
 c - a scroll of blinking {unknown}
 e - a scroll of enchant weapon {unknown}
 f - 3 scrolls of identify {unknown}
 k - a scroll of enchant armour {unknown}
Potions
 g - a potion of mutation {unknown}
 h - a potion of heal wounds {unknown}
 i - a potion of haste {unknown}


   Skills:
 + Level 4.4 Fighting
 + Level 4.5 Maces & Flails
 + Level 2.8 Armour
 + Level 2.7 Dodging
 + Level 0.1 Stealth


You had 2 spell levels left.
You didn't know any spells.
Your spell library was empty.

Dungeon Overview and Level Annotations

Branches:
Dungeon (2/15)

Altars:


Innate Abilities, Weirdness & Mutations

You reflexively headbutt those who attack you in melee.
You have a pair of horns on your head.


Message History

You closely miss the iguana. You headbutt the iguana.
The iguana is heavily wounded.
The iguana closely misses you.
You closely miss the iguana.
The iguana is heavily wounded.
The orc hits you but does no damage. The iguana bites you!
You barely miss the orc. The orc closely misses you. The iguana misses you.
The orc closely misses you.
You barely miss the orc. The iguana misses you. The orc barely misses you.
You furiously retaliate!
You headbutt the orc. You hit the orc.
You kill the orc!
Trog accepts your kill. The iguana closely misses you. You furiously retaliate!
You headbutt the iguana. The iguana bites you!
* * * LOW HITPOINT WARNING * * *
You barely miss the iguana. Your headbutt misses the iguana.
The iguana is heavily wounded.
The iguana bites you!
You die...

.........## ...#
###..#...##....
. #..#...#.....
.. #..#........
... ##.......#..
#.[ #......##
#...###.#..##
.#.....#.##..###
......[@.#.....#
......l#).....##
.......##....##
............##
......#..#..#
......##.#.##
...... ..###
.......## ..


You could see an iguana.

Vanquished Creatures
  An orc wizard (D:4)
  An ooze (D:1)
  3 orcs (D:4)
  3 bats (D:1)
  A giant cockroach (D:1)
  4 goblins
  3 hobgoblins (D:1)
  3 kobolds (D:1)
  3 frilled lizards (D:1)
  5 rats
27 creatures vanquished.

Notes
Turn   | Place    | Note
-------+----------+-------------------------------------------
     0 | D:1      | Mopster the Minotaur Berserker began the quest for the Orb.
     0 | D:1      | Reached XP level 1. HP: 19/19 MP: 0/0
   546 | D:1      | Reached XP level 2. HP: 24/27 MP: 1/1
  1117 | D:2      | Reached XP level 3. HP: 33/33 MP: 2/2
  1134 | D:2      | You fall into a shaft and drop 2 floors!
  1167 | D:4      | Reached ** piety under Trog
  1173 | D:4      | Mangled by an iguana

Illustrated notes

Levels and vault maps discovered:
D:1:      scummos_arrival_simple_fountains, layout_basic
D:2:      layout_loops_cross, uniq_jessica, uniq_robin
D:4:      layout_cave_pools, kennysheep_generic_room_12

Skill      XL: |  1  2 |
---------------+-------+-----
Fighting       | 4 |  4.4
Maces & Flails | 4 |  4.5
Armour         | |  2.8
Dodging        | |  2.7
Stealth        | |  0.1

Action                   || total
-------------------------++-------
Melee: Whip              ||    44
       Mace              ||     5
       Headbutt          ||     7
       Flail             ||     8
Armor: Animal skin       ||     8
Dodge: Dodged            ||    40

Table legend: (Time is in decaauts)
 A = Elapsed time spent in this place.
 B = Non-inter-level travel time spent in this place.
 C = Inter-level travel time spent in this place.
 D = Time resting spent in this place.
 E = Time spent auto-exploring this place.
 F = Levels seen in this place.
 G = Mean time per level.
                   A        B        C        D        E       F      G
               +--------+--------+--------+--------+--------+-----+--------+
         Total |   1169 |   1158 |     11 |    406 |    609 |   3 |  389.7 |
       Dungeon |   1169 |   1158 |     11 |    406 |    609 |   3 |  389.7 |
               +--------+--------+--------+--------+--------+-----+--------+

Top non-repeatable levels by time:
     D:1: 1016 daAuts
     D:2: 113 daAuts
     D:4: 39 daAuts
